[Event "GrandPrix_29.05"]
[Site "Chess.com"]
[Date "2020.05.29"]
[Round "4"]
[White "Forking_U"]
[Black "esskeettit"]
[Result "1-0"]
[WhiteElo "2158"]
[BlackElo "2125"]
[TimeControl "600+2"]
[EndTime "10:53:38 PDT"]
[Termination "Forking_U won by checkmate"]

1. e4 c5 2. Nf3 Nc6 3. d4 cxd4 4. Nxd4 g6 5. c4 Nf6 6. Nc3 d6 7. f3 Nxd4 8. Qxd4 Bg7 9. Be3 O-O 10. Qd2 a5 11. b3 a4 12. b4 Be6 13. Rc1 Nd7 14. Nd5 Rc8 15. Be2 f5 16. Nf4 Bf7 17. exf5 gxf5 18. O-O e5 19. Nd5 f4 20. Bf2 Kh8 21.
Rfd1 Rg8 22. Qe1 Qg5 23. Bh4 Qh6 24. Ne7 Rce8 25. Nf5 Qh5 26. Nxd6 Re6 27. Nxf7+ Qxf7 28. c5 Qg6 29. Rxd7 e4 30. Qf1 Qh5 31. Bc4 exf3 32. Bxe6 Bd4+ 33. Rxd4 Rxg2+ 34. Qxg2 fxg2 35. Bf6# 1-0

[Event "GrandPrix_29.05"]
[Site "Chess.com"]
[Date "2020.05.29"]
[Round "4"]
[White "sergoy"]
[Black "kotmizer"]
[Result "1-0"]
[WhiteElo "2458"]
[BlackElo "2120"]
[TimeControl "600+2"]
[EndTime "10:53:53 PDT"]
[Termination "sergoy won by resignation"]

1. d4 Nf6 2. c4 c5 3. d5 e6 4.
Nc3 exd5 5. cxd5 d6 6. Nf3 g6 7. Bf4 Bg7 8. Qa4+ Bd7 9. Qb3 Qc7 10.
e4 O-O 11. Nd2 Nh5 12. Be3 f5 13. exf5 Bxf5 14. Be2 Nf6 15. O-O Na6 16. a3 Ng4 17.
Bxg4 Bxg4 18. Nc4 Qd7 19. Rfe1 Rf7 20. Ne4 Bf8 21. Bg5 b5 22. Ne3 Bf5 23. Nf6+ Rxf6 24.
Bxf6 c4 25. Qc3 Nc5 26. Bd4 Nb3 27. Rad1 Qf7 28. Nxf5 Qxf5 29. Qg3 a5 30. h4 b4 31. a4 Rc8 32. Re3 Qxd5 33. Qg4 Qf5 34. Qe2 Qf7 35.
Rf3 Re8 36. Qc2 Qe6 37. Re3 Qf7 38. Rxe8 Qxe8 39. Qxc4+ Qf7 40. Qxf7+ Kxf7 41. Bb6 Bg7 42. Rd3 Nc1 43. Rxd6 Bxb2 44. Bxa5 b3 45. Bd2 Ne2+ 46.
Kf1 Nd4 47. a5 1-0

[Event "GrandPrix_29.05"]
[Site "Chess.com"]
[Date "2020.05.29"]
[Round "4"]
[White "Sam_ChessMood"]
[Black "RitvarsReimanis"]
[Result "1-0"]
[WhiteElo "2415"]
[BlackElo "2095"]
[TimeControl "600+2"]
[EndTime "10:54:01 PDT"]
[Termination "Sam_ChessMood won by resignation"]

1. e4 c5 2. Nf3 Nc6 3. d4 cxd4 4.
Nxd4 Nf6 5. Nc3 e5 6. Ndb5 d6 7.
Nd5 Nxd5 8. exd5 Ne7 9. c4 Ng6 10. Qa4 Bd7 11. Qb4 Qb8 12. h4 a6 13. h5 axb5 14. hxg6 fxg6 15. cxb5 Be7 16. Be2 O-O 17. Be3 Qe8 18. a4 Qf7 19. O-O Rfc8 20. Rac1 Qf6 21. a5 Rcb8 22. b6 e4 23. Rc7 Bf5 24.
Rfc1 Bd8 25. Bd4 Qg5 26. Rxg7+ 1-0

[Event "GrandPrix_29.05"]
[Site "Chess.com"]
[Date "2020.05.29"]
[Round "4"]
[White "Gordima"]
[Black "Dyadya81"]
[Result "1-0"]
[WhiteElo "2338"]
[BlackElo "2279"]
[TimeControl "600+2"]
[EndTime "10:54:02 PDT"]
[Termination "Gordima won by resignation"]

1. d4 Nf6 2. c4 g6 3. Nc3 Bg7 4. e4 d6 5. Nf3 O-O 6. h3 e5 7. d5 Nh5 8. g3 f5 9. exf5 gxf5 10. Nh4 Nf6 11. Bg5 Na6 12. Bd3 e4 13. Be2 c6 14.
Qd2 cxd5 15. Nxd5 Nc5 16. Rd1 Be6 17. Nf4 Qe8 18. Qxd6 Rc8 19. O-O e3 20. Nxe6 exf2+ 21. Rxf2 Nxe6 22. Bxf6 Rxf6 23. Nxf5 Bf8 24. Qe5 Rg6 25.
Bh5 Bc5 26. Bxg6 hxg6 27. Nd6 Qd7 28. Kg2 Bxf2 29. Nxc8 Qxd1 30. Qxe6+ Kg7 31. Qe5+ Kh7 32. Kxf2 Qd2+ 33. Qe2 Qd4+ 34. Kg2 Kh6 35. Ne7 a6 36. Nd5 1-0

[Event "GrandPrix_29.05"]
[Site "Chess.com"]
[Date "2020.05.29"]
[Round "4"]
[White "vagpat"]
[Black "khekhm"]
[Result "0-1"]
[WhiteElo "2204"]
[BlackElo "2479"]
[TimeControl "600+2"]
[EndTime "10:54:20 PDT"]
[Termination "khekhm won by resignation"]

1. e4 c5 2. Nf3 Nf6 3. e5 Nd5 4. Nc3 e6 5. Ne4 f5 6. Nc3 Nc6 7. Nxd5 exd5 8. d4 d6 9. exd6 Bxd6 10. dxc5 Bxc5 11. Be2 O-O 12. O-O f4 13. c3 Be6 14.
Qa4 a6 15. b4 Bb6 16. Rd1 Qf6 17. Bb2 Rfe8 18. b5 Na5 19. bxa6 bxa6 20. Nd4 Bf7 21. Bf1 Nc4 22. Bxc4 dxc4 23. Re1 h6 24. Rad1 Rac8 25. Ba3 f3 26. g3 Bxd4 27. cxd4 Qf5 28. Rxe8+ Rxe8 29. Qc6 Re2 30. Qa8+ Kh7 31. Bf8 Bd5 32.
Qc8 Qxc8 0-1

[Event "GrandPrix_29.05"]
[Site "Chess.com"]
[Date "2020.05.29"]
[Round "4"]
[White "DenLaz"]
[Black "Grandelicious"]
[Result "1-0"]
[WhiteElo "2764"]
[BlackElo "2682"]
[TimeControl "600+2"]
[EndTime "10:54:34 PDT"]
[Termination "DenLaz won by resignation"]

1. d4 d5 2. c4 e6 3. Nf3 a6 4. cxd5 exd5 5. Nc3 h6 6. Bf4 Nf6 7. e3 Bd6 8. Bxd6 Qxd6 9. Bd3 O-O 10. h3 Be6 11.
O-O Nbd7 12. Qc2 c6 13. Rab1 Rfe8 14. Rfc1 Nb6 15. Nd2 Qe7 16. Nb3 Nc8 17. Nc5 Nd6 18. Ne2 g6 19. Nf4 Bf5 20. Bxf5 Nxf5 21. Nfd3 Nd7 22.
Nxb7 Qg5 23. Qxc6 Nf6 24. Nd6 Nh4 25. Ne1 Red8 26. Qb7 Nd7 27. Rc7 Rab8 28. Qxa6 Rb6 29. Qa3 Qe7 30. Nc4 Qe4 31. Nd2 Qe6 32. Rbc1 Kg7 33. Ndf3 Nf5 34. Nd3 Ra6 35. Qb3 Rb8 36.
Qc3 Rxa2 37. Nf4 Qd6 38. Ne5 Nxe5 39. dxe5 d4 40. exd4 1-0

[Event "GrandPrix_29.05"]
[Site "Chess.com"]
[Date "2020.05.29"]
[Round "4"]
[White "Aliakbarov_Anar"]
[Black "Mugzyyy"]
[Result "1/2-1/2"]
[WhiteElo "2130"]
[BlackElo "2541"]
[TimeControl "600+2"]
[EndTime "10:54:44 PDT"]
[Termination "Game drawn by repetition"]

1. d4 Nf6 2. c4 e6 3. Nc3 c5 4. d5 exd5 5. cxd5 d6 6. Nf3 g6 7. Bf4 Bg7 8. Qa4+ Bd7 9. Qb3 b5 10. Nxb5 Qa5+ 11. Nc3 Ne4 12. Bd2 Nxd2 13. Nxd2 O-O 14.
e3 Na6 15. Nc4 Qc7 16. a3 Rab8 17. Qc2 f5 18. Be2 f4 19. O-O fxe3 20. Nxe3 Qb7 21.
Rab1 Nc7 22. b4 cxb4 23. Rxb4 Qc8 24. Ne4 Rxb4 25. axb4 Qb8 26. Nxd6 Nxd5 27. Nxd5 Qxd6 28. Qc5 Qe5 29. Ne7+ Kf7 30. Bc4+ Be6 31. Bxe6+ Kxe6 32. Qxe5+ Bxe5 33. Nc6 Bd6 34. Nxa7 Bxb4 35. Nb5 Bc5 36. Nc3 Bd4 37. Ne2 Ba7 38. g3 g5 39. Kg2 Rb8 40. Re1 Rb2 41. Nc3+ Kf5 42. Re2 Rxe2 43. Nxe2 h5 44. h3 g4 45. h4 Bb8 46. Nd4+ Kg6 47.
Nc6 Bd6 48. Kf1 Bc5 49. Ne5+ Kf5 50. Nd3 Bd6 51. Ke2 Bc7 52. Ne1 Ke4 53. Ng2 Bd6 54.
Ne3 Bc7 55. Nc4 Kd4 56. Nd2 Bd6 57. Nf1 Ke4 58. Ne3 Bc7 59. Nc4 Kd4 60. Nb2 Ke4 61. Nd1 Be5 62. Ne3 Bc7 1/2-1/2

[Event "GrandPrix_29.05"]
[Site "Chess.com"]
[Date "2020.05.29"]
[Round "4"]
[White "Natalya_Buksa"]
[Black "swisspower96"]
[Result "0-1"]
[WhiteElo "2123"]
[BlackElo "2155"]
[TimeControl "600+2"]
[EndTime "10:54:56 PDT"]
[Termination "swisspower96 won by resignation"]

1. d4 Nf6 2. Nc3 d5 3. Bf4 e6 4. e3 Be7 5. Nf3 O-O 6. Bd3 c5 7. O-O Nc6 8. dxc5 Bxc5 9. e4 dxe4 10. Nxe4 Be7 11. c4 b6 12. a3 Bb7 13. Qc2 Nh5 14. Be3 Qc7 15. Neg5 g6 16. Rad1 Rae8 17. Bd2 Nf4 18.
Bc3 Bxg5 19. Nxg5 Nxg2 20. Ne4 f5 21. Nf6+ Rxf6 22. Bxf6 Ne5 23. Be2 Nf3+ 24. Bxf3 Bxf3 25. Qd2 Nf4 26. Rfe1 Nh3+ 27. Kf1 Qxh2 0-1

[Event "GrandPrix_29.05"]
[Site "Chess.com"]
[Date "2020.05.29"]
[Round "4"]
[White "gygygygygyggygygygy"]
[Black "friesnielsen2302"]
[Result "0-1"]
[WhiteElo "1984"]
[BlackElo "1710"]
[TimeControl "600+2"]
[EndTime "10:54:56 PDT"]
[Termination "friesnielsen2302 won by resignation"]

1. e4 e5 2. Nf3 Nc6 3. Nc3 d6 4. d4 Bg4 5. Be2 Bxf3 6. Bxf3 Nxd4 7. O-O Nf6 8. Be3 Nxf3+ 9. Qxf3 Be7 10. Qg3 Qd7 11.
a4 Qg4 12. Nb5 Kd7 13. Qxg4+ Nxg4 14. Bd2 c6 15. Nc3 h5 16. f3 Nf6 17. Be3 h4 18.
Rad1 Ke6 19. h3 Nh5 20. Ne2 g6 21. f4 exf4 22. Nxf4+ Nxf4 23. Bxf4 Rh5 24. Rd3 Rc5 25. c3 Rc4 26. Rfd1 Rd8 27. Rd4 Rxd4 28. cxd4 d5 29. e5 b6 30. Kf2 c5 31. Ke3 Rc8 32. dxc5 Rxc5 33. Kd3 Rc4 34. Bh2 Rxa4 35. Rc1 Rc4 36. Rxc4 dxc4+ 37. Kxc4 Bc5 38. b4 Bf2 39. b5 g5 40. Kd3 Kd5 41. e6 fxe6 42. Bb8 e5 43.
Bxa7 e4+ 44. Ke2 Bc5 45. Bb8 Kc4 46. Be5 Kxb5 47. Bf6 Kc4 48. Bxg5 b5 49. Bxh4 b4 50. Bg5 b3 51. Bc1 Bd4 52. g4 Kd5 53. h4 b2 54. Bxb2 Bxb2 55. g5 Bc1 56. g6 Bh6 57. h5 Ke5 58. Kf2 Kf4 59. Ke2 e3 60. Kf1 Kf3 61. Ke1 e2 62. g7 Bxg7 0-1

[Event "GrandPrix_29.05"]
[Site "Chess.com"]
[Date "2020.05.29"]
[Round "4"]
[White "Alexander_Donchenko"]
[Black "Msb2"]
[Result "1/2-1/2"]
[WhiteElo "2711"]
[BlackElo "2605"]
[TimeControl "600+2"]
[EndTime "10:55:00 PDT"]
[Termination "Game drawn by agreement"]

1. c4 e6 2. g3 d5 3. Bg2 Nf6 4. Nf3 dxc4 5. Qa4+ Bd7 6. Qxc4 c5 7. Ne5 Qc8 8. Qd3 Bc6 9. Nxc6 Nxc6 10. Nc3 a6 11. O-O Be7 12. b3 O-O 13. Bb2 Rd8 14. Qe3 Qc7 15. d3 Rac8 16. Rac1 Nd4 17. Rfd1 b6 18. Qd2 Nc6 19. e3 Qa7 20. Qe2 Nb4 21.
Ba1 b5 22. Ne4 Nbd5 23. d4 Nxe4 24. Bxe4 Bf6 25. Rxc5 Rxc5 26. dxc5 Bxa1 27. Rxa1 Nf6 28. Rd1 Rf8 29. Qc2 Nxe4 30. Qxe4 Qxc5 1/2-1/2

[Event "GrandPrix_29.05"]
[Site "Chess.com"]
[Date "2020.05.29"]
[Round "4"]
[White "VincentKeymer"]
[Black "MikaelyanArman1996"]
[Result "1-0"]
[WhiteElo "2367"]
[BlackElo "2250"]
[TimeControl "600+2"]
[EndTime "10:55:02 PDT"]
[Termination "VincentKeymer won on time"]

1. Nf3 g6 2. c4 Bg7 3. Nc3 d6 4. d4 Nd7 5. g3 e5 6. Bg2 Ne7 7.
O-O exd4 8. Nxd4 O-O 9. h3 Ne5 10. b3 c5 11. Ndb5 Nf5 12. Bb2 a6 13. Na3 h5 14.
Nc2 h4 15. g4 Nd4 16. Nxd4 cxd4 17. Nd5 d3 18. exd3 f5 19. f4 Nf3+ 20. Qxf3 Bxb2 21. Rae1 Rf7 22. Qf2 Bg7 23. g5 Rb8 24. Nb6 Bc3 25. Bd5 Bxe1 26. Rxe1 Kf8 27. c5 Re7 28. Rxe7 Qxe7 29.
Qxh4 Qe3+ 30. Kh2 Qd2+ 31. Bg2 Be6 32. Qh8+ Bg8 33. Qf6+ Ke8 34. Qxg6+ Bf7 35. Qxd6 Rd8 36. Qe5+ Kf8 37. g6 Re8 38. Nd7+ Kg8 39. gxf7+ Kxf7 40. Qf6+ Kg8 41. Qg6+ 1-0

[Event "GrandPrix_29.05"]
[Site "Chess.com"]
[Date "2020.05.29"]
[Round "4"]
[White "DaviD-GevorG"]
[Black "TimofeevAr"]
[Result "0-1"]
[WhiteElo "1852"]
[BlackElo "2523"]
[TimeControl "600+2"]
[EndTime "10:55:11 PDT"]
[Termination "TimofeevAr won by resignation"]

1. Nf3 Nf6 2. g3 g6 3. Bg2 Bg7 4. O-O O-O 5. d4 d5 6. Ne5 c6 7. Nd2 Bf5 8. b3 a5 9. a3 Nbd7 10. Nd3 a4 11. Bb2 axb3 12. cxb3 Bxd3 13. exd3 Nb6 14. Nf3 Nc8 15. Ne5 Nd6 16. Re1 Nd7 17. Bh3 e6 18. Qd2 Nf6 19. Bc3 Re8 20. a4 Qb6 21. b4 Ra7 22. Reb1 Rea8 23. Qc2 Qc7 24. Bd2 Nb5 25. Be3 Nd7 26. f4 Nb6 27. a5 Nd7 28. Rc1 Ra6 29. g4 Qd6 30. Rab1 Na3 31. Qf2 Nxb1 32.
Rxb1 b6 33. f5 bxa5 34. Nxf7 Qe7 35. fxe6 Qxe6 36. Ng5 Qe7 37. b5 cxb5 38. Bg2 Nf6 39. Rxb5 Re8 40. Bd2 a4 41. Nf3 a3 42. Rb1 a2 43.
Ra1 Nxg4 44. Qg3 Ne3 45. Ne5 Nxg2 46. Kxg2 Bxe5 47. dxe5 Qxe5 0-1

[Event "GrandPrix_29.05"]
[Site "Chess.com"]
[Date "2020.05.29"]
[Round "4"]
[White "Margency"]
[Black "Hakob-Hakobyan-Arm"]
[Result "1/2-1/2"]
[WhiteElo "1769"]
[BlackElo "2094"]
[TimeControl "600+2"]
[EndTime "10:55:23 PDT"]
[Termination "Game drawn by repetition"]

1. e4 Nc6 2. Nf3 d6 3. d4 Nf6 4. Nc3 g6 5. Bc4 Bg7 6. Bb3 O-O 7. h3 e5 8. dxe5 Nxe5 9. O-O Nxf3+ 10. Qxf3 Be6 11.
Bg5 h6 12. Bh4 g5 13. Bg3 Nd7 14. Rad1 Ne5 15. Qh5 Nc4 16. Bxc4 Bxc4 17. Rfe1 f5 18. exf5 Bxc3 19. bxc3 Qf6 20. Re4 Bf7 21. Qf3 h5 22. c4 b6 23. h4 g4 24. Qf4 Rae8 25. f3 gxf3 26. gxf3 Rxe4 27. fxe4 Qc3 28. Kh2 Kh7 29. Rg1 Rg8 30. Bf2 Rxg1 31. Kxg1 Qxc2 32. Be3 Qd1+ 33. Kf2 Qg4 34. Qh6+ Kg8 35. Bg5 Qxe4 36. Qf6 Qc2+ 37. Kg3 Qxc4 38. Bh6 Qg4+ 39. Kf2 Kh7 40. Bg5 Kg8 41.
Qd8+ Kh7 42. Qf6 Kg8 43. Qd8+ Kh7 44. Qf6 1/2-1/2

[Event "GrandPrix_29.05"]
[Site "Chess.com"]
[Date "2020.05.29"]
[Round "4"]
[White "caspiwins"]
[Black "Eltaj_Safarli"]
[Result "1-0"]
[WhiteElo "2433"]
[BlackElo "2329"]
[TimeControl "600+2"]
[EndTime "10:55:25 PDT"]
[Termination "caspiwins won by resignation"]

1. e4 e5 2. Nf3 Nc6 3. d4 exd4 4. Nxd4 Qf6 5. Nf3 Bb4+ 6. c3 Bc5 7. Be2 Nge7 8. O-O h6 9. Qd2 g5 10. b4 Bb6 11.
Bb2 Qg6 12. c4 Rg8 13. c5 Qxe4 14. cxb6 axb6 15. a3 d6 16. Nc3 Qf4 17. Qxf4 gxf4 18. Rfe1 Bg4 19. Ne4 O-O-O 20. Nf6 Rg6 21. Nh4 Bxe2 22.
Nxg6 Nxg6 23. Rxe2 Nce5 24. f3 c6 25. Rd1 Nc4 26. Bc1 d5 27. Nh5 c5 28. Nxf4 Nxf4 29.
Bxf4 d4 30. Re7 Rd5 31. Rc7+ Kd8 32. Rxb7 Nxa3 33. bxc5 bxc5 34. Ra1 Rd7 35. Rxd7+ 1-0

[Event "GrandPrix_29.05"]
[Site "Chess.com"]
[Date "2020.05.29"]
[Round "4"]
[White "tigra"]
[Black "OparinGrigoriy"]
[Result "1/2-1/2"]
[WhiteElo "2556"]
[BlackElo "2441"]
[TimeControl "600+2"]
[EndTime "10:55:31 PDT"]
[Termination "Game drawn by agreement"]

1. e4 e5 2. Nf3 Nc6 3. Bc4 Nf6 4. d3 h6 5. O-O d6 6. d4 Bg4 7. dxe5 Nxe5 8. Be2 Bxf3 9. Bxf3 g6 10. c4 Bg7 11.
Nc3 Nxf3+ 12. Qxf3 O-O 13. e5 dxe5 14. Qxb7 Qd4 15.
Qxc7 Rfc8 16. Qe7 Qxc4 17. Rd1 Re8 18. Qd6 e4 19. Bxh6 Bxh6 20. Qxf6 Bg7 21. Qf4 Bxc3 22. bxc3 Qxc3 23. Rac1 Qe5 24. Qe3 a6 25. h4 Rad8 26.
Re1 Rd3 27. Qxd3 exd3 28. Rxe5 Rxe5 29. Rd1 Ra5 30. Rd2 Kg7 31. f3 f5 32. Rxd3 Rxa2 33.
Rd7+ Kh6 34. Kh2 Ra4 35. Kh3 g5 36. Rd6+ Kh5 37. hxg5 1/2-1/2

[Event "GrandPrix_29.05"]
[Site "Chess.com"]
[Date "2020.05.29"]
[Round "4"]
[White "Karateloru"]
[Black "Matibar"]
[Result "0-1"]
[WhiteElo "2196"]
[BlackElo "2490"]
[TimeControl "600+2"]
[EndTime "10:55:31 PDT"]
[Termination "Matibar won by resignation"]

1. e4 d5 2. exd5 Qxd5 3. Nc3 Qd8 4. g3 Nf6 5. Bg2 c6 6. Nge2 Bf5 7. d4 e6 8. O-O Be7 9. h3 h6 10. Bf4 Nbd7 11.
a3 Nb6 12. Re1 O-O 13. b3 Nbd5 14. Nxd5 cxd5 15. c4 dxc4 16. bxc4 Rc8 17. Qb3 b6 18. Bb7 Bxh3 19. Bxc8 Qxc8 20. Red1 Rd8 21. d5 Bc5 22. Be3 Bg4 23. Ra2 exd5 24. cxd5 Qf5 25. Bxc5 bxc5 26. d6 Qh5 27. Kg2 Bxe2 28. Rh1 Qe5 29. Rd2 c4 30. Qe3 Qxe3 31. fxe3 Bd3 32. Rh4 Rxd6 33. Kg1 Rb6 34. Rd4 Rb1+ 35. Kh2 Be4 36.
g4 c3 37. Rd8+ Kh7 0-1

[Event "GrandPrix_29.05"]
[Site "Chess.com"]
[Date "2020.05.29"]
[Round "4"]
[White "Martin_Petrov2000"]
[Black "Guenplen"]
[Result "0-1"]
[WhiteElo "2127"]
[BlackElo "2321"]
[TimeControl "600+2"]
[EndTime "10:55:38 PDT"]
[Termination "Guenplen won by checkmate"]

1. c4 e6 2. Nf3 d5 3. e3 Nf6 4. b3 Bd6 5. Bb2 O-O 6. d4 Ne4 7. Bd3 f5 8. O-O Nd7 9. Ne5 c6 10. f3 Ng5 11. Nd2 Nxe5 12. dxe5 Bc5 13. Qe2 Qb6 14.
Rfe1 f4 15. Nf1 Bd7 16. Kh1 fxe3 17. Nxe3 Be8 18. h4 Nxf3 19. gxf3 Bh5 20. Ng4 Bxg4 21. fxg4 Rf2 22. Qd1 Rxb2 23. Bc2 dxc4 24. Qe2 c3 25. Rf1 Qd8 26. Rad1 Qxh4+ 27. Kg2 Rf8 28. Rxf8+ Kxf8 29. Rd7 Rxc2 30. Qxc2 Qxg4+ 31. Kh2 Bg1+ 32. Kh1 Bd4 33. Qd3 Qg1# 0-1

[Event "GrandPrix_29.05"]
[Site "Chess.com"]
[Date "2020.05.29"]
[Round "4"]
[White "Herracek"]
[Black "woodhy"]
[Result "1/2-1/2"]
[WhiteElo "2281"]
[BlackElo "2104"]
[TimeControl "600+2"]
[EndTime "10:55:49 PDT"]
[Termination "Game drawn by repetition"]

1. c4 b6 2. g3 Bb7 3. Nf3 e6 4. Bg2 f5 5. O-O Nf6 6. d3 Be7 7. Nc3 O-O 8. e4 fxe4 9. Ng5 Qc8 10. Ngxe4 Nxe4 11. Nxe4 Na6 12. d4 d5 13. cxd5 Bxd5 14. Re1 Qb7 15. Qh5 Rf5 16. Qe2 c5 17. dxc5 Nxc5 18. Nxc5 Bxc5 19. Bxd5 exd5 20. Bf4 Qf7 21. Qg4 Rf8 22. h4 h5 23. Qh3 Rxf4 24. gxf4 Qxf4 25.
Re2 Bxf2+ 26. Kh1 Bxh4 27. Qe6+ Kh8 28. Qxd5 Qg4 29. Rh2 Rf5 30. Qa8+ Kh7 31. Rg1 Bg3 32. a4 Rf2 33. Rxg3 Rf1+ 34. Kg2 Qe2+ 35. Kh3 Qe6+ 36. Kg2 Qe2+ 37. Kh3 Qe6+ 38. Kg2 Qe2+ 1/2-1/2

[Event "GrandPrix_29.05"]
[Site "Chess.com"]
[Date "2020.05.29"]
[Round "4"]
[White "SipkeErnst"]
[Black "gliglu"]
[Result "0-1"]
[WhiteElo "2062"]
[BlackElo "2419"]
[TimeControl "600+2"]
[EndTime "10:55:53 PDT"]
[Termination "gliglu won by resignation"]

1. d4 Nf6 2. c4 e6 3. g3 d5 4. Nf3 dxc4 5. Bg2 Bb4+ 6. Bd2 a5 7. O-O O-O 8. Bc3 c5 9. dxc5 Qxd1 10. Rxd1 Bxc5 11. Ne5 Nd5 12. Nxc4 Nc6 13. Bxd5 exd5 14. Rxd5 b6 15. Rd1 Bg4 16. Kf1 Rfe8 17. f3 Be6 18. Nba3 b5 19. Nd6 Re7 20. Naxb5 Nb4 21. Bd4 Bxd4 22. Nxd4 Bxa2 23. Rac1 g6 24. Kf2 Rd8 25.
Nc6 Nxc6 26. Rxc6 Re6 27. Rd2 a4 28. g4 Bb3 29. g5 Kf8 30. Nf5 Rxd2 0-1

[Event "GrandPrix_29.05"]
[Site "Chess.com"]
[Date "2020.05.29"]
[Round "4"]
[White "Tormoz"]
[Black "Sakkcapak"]
[Result "1-0"]
[WhiteElo "2481"]
[BlackElo "2089"]
[TimeControl "600+2"]
[EndTime "10:55:53 PDT"]
[Termination "Tormoz won by resignation"]

1. e4 e6 2. Qe2 d5 3. exd5 Qxd5 4. Nc3 Qa5 5. Nf3 Nf6 6. g3 Be7 7. Bg2 O-O 8. O-O Nc6 9. d4 Rd8 10. Rd1 Qh5 11. h3 Bd7 12. Bg5 Nd5 13. Nxd5 Bxg5 14.
Nxc7 Rac8 15. Nb5 Be8 16. c3 Be7 17. a4 a6 18. Na3 Na5 19. Nc2 Nb3 20. Ra2 Qa5 21.
Na1 Nxa1 22. Rdxa1 Qb6 23. Ne5 Rc7 24. Be4 f6 25.
Nc4 Qb3 26. Bd3 Bf7 27. Ra3 Bxa3 28. Rxa3 Qxa3 29. Nxa3 Re7 30. Nc4 Be8 31. Nb6 Bc6 32. Be4 Bxe4 33. Qxe4 Rde8 34. a5 g6 35. Kg2 Kf7 36.
c4 Rd8 37. b4 h5 38. Qe3 Kg7 39. d5 e5 40. c5 Rc7 41. d6 Rf7 42. Qe4 1-0

[Event "GrandPrix_29.05"]
[Site "Chess.com"]
[Date "2020.05.29"]
[Round "4"]
[White "rusuvlad95"]
[Black "Iljin_Timofey"]
[Result "0-1"]
[WhiteElo "2097"]
[BlackElo "2282"]
[TimeControl "600+2"]
[EndTime "10:55:56 PDT"]
[Termination "Iljin_Timofey won by checkmate"]

1. e4 c5 2. Nf3 Nc6 3. c3 Nf6 4. e5 Nd5 5. d4 cxd4 6. cxd4 d6 7. Be2 dxe5 8. dxe5 g6 9. Nc3 Nxc3 10. Qxd8+ Nxd8 11.
bxc3 Bd7 12. Nd4 Bg7 13. f4 Rc8 14. Bd2 O-O 15. O-O f6 16. exf6 Rxf6 17. Rad1 Rd6 18.
Nb5 Bxb5 19. Bxb5 Bxc3 20. Bxc3 Rxc3 21. Rxd6 exd6 22. Rd1 Ne6 23. Rxd6 Nxf4 24. Rd8+ Kg7 25. Rd7+ Kh6 26. Rxb7 Rc1+ 27. Kf2 Rc2+ 28. Kf3 Nxg2 29. Rxa7 Ne1+ 30. Kg3 Rg2+ 31. Kh3 Rg1 32. Bc6 Nd3 33. Bg2 Nf4+ 34. Kg3 g5 35. h4 Rxg2+ 36. Kf3 Rd2 37. hxg5+ Kxg5 38. Rxh7 Nd5 39. Ra7 Kf5 40. Rf7+ Ke5 41.
a4 Rd3+ 42. Ke2 Ra3 43. Ra7 Ke4 44. Kd2 Ra2+ 45. Kc1 Kd3 46. Ra8 Rc2+ 47. Kd1 Ne3+ 48. Ke1 Re2# 0-1

[Event "GrandPrix_29.05"]
[Site "Chess.com"]
[Date "2020.05.29"]
[Round "4"]
[White "FLamps8"]
[Black "abraham1982"]
[Result "1-0"]
[WhiteElo "2167"]
[BlackElo "2110"]
[TimeControl "600+2"]
[EndTime "10:56:04 PDT"]
[Termination "FLamps8 won on time"]

1. d4 Nf6 2. Bf4 c5 3. e3 e6 4. c3 Be7 5. Bd3 O-O 6. h3 b6 7. Nf3 Bb7 8. Nbd2 Re8 9. Qe2 Nc6 10. Rd1 d6 11. a3 Qc7 12. Bh2 Rad8 13. e4 cxd4 14.
cxd4 e5 15. d5 Nd4 16. Nxd4 exd4 17. O-O Bf8 18. Rc1 Qb8 19. Bb5 Re7 20. Qd3 a6 21. Bc6 Bxc6 22. Rxc6 Rc7 23. Rfc1 Rxc6 24. Rxc6 Nd7 25. Qxa6 Re8 26. f3 g6 27. Nc4 d3 28.
Nxd6 Ne5 29. Nxe8 Qxe8 30. Bxe5 d2 31. Qd3 Qxe5 32. Qxd2 Bc5+ 33. Rxc5 bxc5 34. d6 Qe8 35. d7 Qd8 36. Qd5 1-0

[Event "GrandPrix_29.05"]
[Site "Chess.com"]
[Date "2020.05.29"]
[Round "4"]
[White "Pash2015"]
[Black "faraone99"]
[Result "1-0"]
[WhiteElo "2200"]
[BlackElo "2071"]
[TimeControl "600+2"]
[EndTime "10:56:11 PDT"]
[Termination "Pash2015 won by resignation"]

1. e4 e5 2. d4 exd4 3. Nf3 Nc6 4. Bc4 Nf6 5. Qe2 d6 6. Bb5 Bd7 7. O-O Be7 8. Bxc6 bxc6 9. Nxd4 O-O 10. Nc3 c5 11.
Nf5 Bxf5 12. exf5 Qd7 13. Qf3 Rab8 14. b3 Rfe8 15. Bb2 d5 16. Rad1 c6 17. Na4 Bd6 18. Bxf6 gxf6 19. c4 d4 20. Rfe1 Kh8 21. Nb2 Rg8 22.
Nd3 Rg5 23. Re4 Rbg8 24. g3 Rxf5 25. Qe2 Rfg5 26. Re1 Qh3 27. Qf3 R5g6 28. Re8 Rh6 29. Qxc6 Qxh2+ 30. Kf1 Qh3+ 31. Ke2 Rxe8+ 32. Qxe8+ Kg7 33.
Kd2 Qf5 34. Qc6 Be5 35. Qxc5 Rh2 36. Qd5 Rxf2+ 37. Nxf2 Qxf2+ 38. Re2 Qf1 39. Rxe5 fxe5 40. Qxe5+ Kg8 41. Qg5+ Kf8 42. Qd8+ Kg7 43. Qxd4+ Kh6 44.
Qe3+ Kg7 45. c5 Qg2+ 46. Kc3 Qxa2 47. c6 Qa1+ 48. Kb4 Qa6 49. Qc5 Qc8 50. c7 Qb7+ 51. Ka3 Qa6+ 52. Kb2 Qe2+ 53. Qc2 Qe5+ 54. Qc3 1-0

[Event "GrandPrix_29.05"]
[Site "Chess.com"]
[Date "2020.05.29"]
[Round "4"]
[White "WhiteCapital80"]
[Black "DariaVoit"]
[Result "1-0"]
[WhiteElo "2245"]
[BlackElo "2103"]
[TimeControl "600+2"]
[EndTime "10:56:14 PDT"]
[Termination "WhiteCapital80 won by resignation"]

1. e4 e6 2. d4 d5 3. Nd2 Nf6 4.
e5 Nfd7 5. Bd3 c5 6. c3 Nc6 7.
Ne2 cxd4 8. cxd4 f6 9. exf6 Nxf6 10. Nf3 Bd6 11. O-O O-O 12. Bf4 Bxf4 13. Nxf4 Ne4 14. Nh5 Ng5 15. Ne5 g6 16. Nxc6 bxc6 17. Ng3 Qf6 18.
Qa4 Bd7 19. f4 Nf7 20. Ne2 Nd6 21. Qb4 Qe7 22. b3 Rfb8 23. Qc5 Nc8 24. Rfe1 a5 25. Nc3 Rb4 26. g3 Qf6 27. Re5 Qf8 28.
Na4 Rab8 29. Qc3 Kf7 30. Nc5 Qd6 31. Rae1 a4 32. bxa4 Rb2 33. Nxe6 Bxe6 34. Rxe6 Qxe6 35. Rxe6 Kxe6 36. Qxc6+ Nd6 37. Bb5 Rd8 38. Qb6 Rb1+ 39. Kg2 Rc8 40. Bd7+ Kxd7 41. Qxb1 1-0

[Event "GrandPrix_29.05"]
[Site "Chess.com"]
[Date "2020.05.29"]
[Round "4"]
[White "anesar92"]
[Black "Didici"]
[Result "1-0"]
[WhiteElo "2286"]
[BlackElo "2161"]
[TimeControl "600+2"]
[EndTime "10:56:15 PDT"]
[Termination "anesar92 won by checkmate"]

1. e4 e5 2. Nc3 Nf6 3. Bc4 Nxe4 4. Qh5 Nd6 5. Bb3 Be7 6. Qxe5 O-O 7. Nf3 Bf6 8. Qf4 Re8+ 9. Kf1 a5 10. d3 Nc6 11.
Nd5 Be5 12. Qg4 Kh8 13. a4 Bf6 14. Ng5 Ne5 15. Qh5 Bxg5 16. Bxg5 f6 17. Bh4 Ng6 18. Bg3 Ra6 19. Re1 Rxe1+ 20. Kxe1 Ne8 21. Kd1 c6 22. Re1 Ne5 23. Bxe5 cxd5 24. Bg3 Re6 25. Bxd5 Rxe1+ 26. Kxe1 Nc7 27. Bxc7 Qxc7 28. Qe8# 1-0

[Event "GrandPrix_29.05"]
[Site "Chess.com"]
[Date "2020.05.29"]
[Round "4"]
[White "BlackBoarder"]
[Black "farhadtahirov"]
[Result "1-0"]
[WhiteElo "2148"]
[BlackElo "1854"]
[TimeControl "600+2"]
[EndTime "10:56:16 PDT"]
[Termination "BlackBoarder won by resignation"]

1. e4 d6 2. d4 g6 3. Nc3 Bg7 4. Be2 Nd7 5. h4 h6 6. Be3 c6 7. a4 Qc7 8. Nf3 Ngf6 9. Qd2 Ng4 10. Bf4 e5 11. Bg3 Nf8 12. Rd1 Be6 13. h5 Rd8 14.
hxg6 Nxg6 15. d5 Bc8 16. Nh4 h5 17. Nf5 Bxf5 18. exf5 Bh6 19. Qd3 Ne7 20. dxc6 bxc6 21. Ne4 Nd5 22. Rxh5 Ngf6 23. Rh3 Qa5+ 24. Kf1 Nxe4 25.
Qxe4 Qb4 26. Bc4 Ne7 27. Bxf7+ Kxf7 28. Qxb4 1-0

[Event "GrandPrix_29.05"]
[Site "Chess.com"]
[Date "2020.05.29"]
[Round "4"]
[White "jafarlib"]
[Black "Inkalubo"]
[Result "1-0"]
[WhiteElo "2119"]
[BlackElo "1624"]
[TimeControl "600+2"]
[EndTime "10:56:18 PDT"]
[Termination "jafarlib won on time"]

1. e4 Nf6 2. e5 Nd5 3. c4 Nb6 4. c5 Nd5 5. Bc4 e6 6. Nc3 Nxc3 7. bxc3 Nc6 8. d4 d6 9. cxd6 cxd6 10. exd6 Bxd6 11.
Nf3 O-O 12. O-O b6 13. Re1 Bb7 14. Bd3 g6 15. Bg5 Be7 16. Bh6 Re8 17. Qd2 Rc8 18. Qf4 Bd6 19. Qg4 Ne7 20. Rac1 Bxf3 21. Qxf3 Nd5 22. Be4 Qh4 23. Bd2 Qxh2+ 24. Kf1 Bf4 25. Bxf4 Nxf4 26. g3 Nd5 27. c4 Ne7 28. d5 exd5 29.
cxd5 Rxc1 30. Rxc1 Nf5 31. Bxf5 gxf5 32. d6 Rd8 33. Qb7 Rxd6 34. Re1 1-0